 Dungeon Crawl Stone Soup version 0.18.1-6-gd335043 (webtiles) character file.

966 manyhoops the Chopper (level 7, -2/55 HPs)
             Began as a Demonspawn Gladiator on May 18, 2016.
             Was a Follower of Qazlal.
             Killed by divine providence
             ... invoked by an orc priest
              (16 damage)
             ... on level 6 of the Dungeon.
             The game lasted 00:07:49 (3340 turns).

manyhoops the Chopper (Demonspawn Gladiator)        Turns: 3340, Time: 00:07:50

Health: -2/55      AC: 14    Str: 26    XL:     7   Next: 93%
Magic:  9/9        EV: 11    Int: 10    God:    Qazlal [*.....]
Gold:   151        SH:  2    Dex: 13    Spells: 0 memorised, 6 levels left

rFire  . . .     SeeInvis .     a - +0 war axe
rCold  + + .     Gourm    .     h - +0 scale mail
rNeg   . . .     Faith    +     (no shield)
rPois  +         Spirit   .     c - +0 helmet
rElec  .         Dismiss  .     (no cloak)
rCorr  .         Reflect  .     (no gloves)
SustAt .         Harm     .     (no boots)
MR     .....                    v - amulet of faith
Stlth  ..........               (no ring)
                                n - ring of Ysuc Ned {+Fly rPois rC++ Str+4}

@: mighty, not resistant to hostile enchantments, extremely unstealthy
A: talons 1, iridescent scales 2, powered by death 1, rot immunity
a: Renounce Religion, Evoke Flight


You were on level 6 of the Dungeon.
You worshipped Qazlal.
Qazlal was aware of your devotion.
You were hungry.

You visited 1 branch of the dungeon, and saw 6 of its levels.

You collected 219 gold pieces.
You spent 68 gold pieces at shops.

Inventory:

Hand Weapons
 a - a +0 war axe (weapon)
Missiles
 d - 3 throwing nets (quivered)
Armour
 c - a +0 helmet (worn)
 h - a +0 scale mail (worn)
Jewellery
 e - an uncursed amulet of rage
 n - the ring of Ysuc Ned (left hand) {+Fly rPois rC++ Str+4}
   (You found it on level 4 of the Dungeon)

   [ring of flight]

   It affects your strength (+4).
   It greatly protects you from cold.
   It protects you from poison.
   It lets you fly.
 v - an amulet of faith (around neck)
Wands
 m - a wand of flame (28/48)
 s - a wand of flame (17/48)
 y - a wand of paralysis (11/24)
Scrolls
 g - 3 scrolls of magic mapping
 i - a scroll of immolation
 l - a scroll of remove curse
 o - a scroll of noise
 p - a scroll of fear {unknown}
 w - a scroll of recharging {unknown}
Potions
 b - a potion of brilliance
 k - 2 potions of haste
 q - a potion of cancellation {unknown}
 r - a potion of flight {unknown}
 t - a potion of degeneration {unknown}
 u - a potion of might
 x - a potion of ambrosia {unknown}
Comestibles
 f - 5 bread rations
 j - 2 meat rations


   Skills:
 + Level 4.9 Fighting
 + Level 5.8 Axes
 - Level 1.7 Throwing
 + Level 4.0 Armour
 - Level 2.6 Dodging
 * Level 3.5 Invocations


You had 6 spell levels left.
You didn't know any spells.

Dungeon Overview and Level Annotations

Branches:
Dungeon (6/15)
 Temple: D:4-7

Altars:
Dithmenos
Fedhas
Gozag
Kikubaaqudgha
Makhleb
Pakellas
Qazlal
Ru
Vehumet
Yredelemnul
Zin

Shops:
D:5 *


Innate Abilities, Weirdness & Mutations

You have sharp toenails.
You are mostly covered in iridescent scales (AC +6).
You regenerate a little health from kills.
You are immune to rotting.


Message History

* * * LOW HITPOINT WARNING * * *
You hit the ogre. Your kick misses the ogre.
The ogre is moderately wounded.
The ogre closely misses you.
Your scale mail prevents you from hitting the ogre.
Your kick misses the ogre.
The ogre is moderately wounded.
The ogre barely misses you.
You slash the ogre! You claw the ogre!
The ogre is almost dead.
You feel less regenerative.
You slash the ogre!
You kill the ogre!
Qazlal accepts your kill.
Your Armour skill increases to level 4!
You closely miss the orc priest. Your kick misses the orc priest.
The orc priest is lightly wounded.
The orc priest mumbles some strange prayers to Beogh against you.
Beogh smites you!
You die...

#.........
#........
#.......#
#.......#
#######)##
..# #))# ..#
##.# ..#
#o##..#
#.@#..#
##.#((#
##....#
#<#...#
#.#...# #
#.#...#.#
#.##..#.#.#
#.##....#.#
..###รท###.#


You could see an orc priest.

Vanquished Creatures
  2 ogres
  4 killer bees (D:4)
  A crimson imp (D:5)
  A giant frog skeleton (D:5)
  A jelly (D:5)
  5 orc priests
  3 orc wizards
  Terence (D:3)
  2 worker ants (D:5)
  5 adders
  A shadow imp (D:5)
  An ooze (D:1)
  An adder zombie (D:5)
  3 worms
  6 dart slugs
  3 giant geckos
  24 orcs
  A bat zombie (D:5)
  3 giant cockroaches
  5 goblins
  9 hobgoblins
  14 jackals
  5 quokkas
  9 bats
  A giant gecko skeleton (D:4)
  2 giant newts (D:1)
  13 kobolds
  A quokka skeleton (D:4)
  8 rats
  3 rat zombies (D:5)
138 creatures vanquished.

Vanquished Creatures (others)
  A fungus (D:4)
1 creature vanquished.

Grand Total: 139 creatures vanquished

Notes
Turn   | Place    | Note
--------------------------------------------------------------
     0 | D:1      | manyhoops the Demonspawn Gladiator began the quest for the Orb.
     0 | D:1      | Reached XP level 1. HP: 16/16 MP: 1/1
   193 | D:1      | Reached skill level 3 in Axes
   246 | D:1      | Gained mutation: You regenerate a little health from kills. [demonic ancestry]
   246 | D:1      | Reached XP level 2. HP: 22/22 MP: 2/2
   374 | D:1      | Gained mutation: You have sharp toenails. [demonic ancestry]
   374 | D:1      | Reached XP level 3. HP: 26/27 MP: 3/3
   569 | D:2      | Found a shadowy altar of Dithmenos.
   658 | D:2      | Reached skill level 1 in Armour
   677 | D:2      | Gained mutation: You are partially covered in iridescent scales (AC +4). [demonic ancestry]
   677 | D:2      | Reached XP level 4. HP: 34/34 MP: 4/4
   732 | D:2      | Reached skill level 4 in Axes
  1201 | D:3      | Gained mutation: You are immune to rotting. [demonic ancestry]
  1201 | D:3      | Reached XP level 5. HP: 41/41 MP: 5/5
  1225 | D:3      | Found a glowing silver altar of Zin.
  1237 | D:3      | Noticed Terence
  1249 | D:3      | Killed Terence
  1261 | D:3      | Noticed an ogre
  1397 | D:3      | Gained mutation: You are mostly covered in iridescent scales (AC +6). [demonic ancestry]
  1397 | D:3      | Reached XP level 6. HP: 46/47 MP: 6/6
  1462 | D:3      | Found a stormy altar of Qazlal.
  1473 | D:3      | Found an opulent altar of Gozag.
  1520 | D:3      | Became a worshipper of Qazlal Stormbringer
  1649 | D:3      | Reached skill level 5 in Axes
  1742 | D:3      | Reached skill level 1 in Invocations
  1886 | D:4      | Found a blossoming altar of Fedhas.
  1886 | D:4      | Found a radiant altar of Vehumet.
  1896 | D:4      | Found an oddly glowing altar of Pakellas.
  1932 | D:4      | Found a sacrificial altar of Ru.
  1967 | D:4      | Got a translucent platinum ring
  1968 | D:4      | Identified the ring of Ysuc Ned {+Fly rPois rC++ Str+4} (You found it on level 4 of the Dungeon)
  2175 | D:4      | Reached XP level 7. HP: 19/54 MP: 8/8
  2338 | D:4      | Reached * piety under Qazlal
  2646 | D:5      | Entered Level 5 of the Dungeon
  2646 | D:5      | Found Ifful's Assorted Antiques.
  2663 | D:5      | Bought a scroll of identify for 68 gold pieces
  2809 | D:5      | Found a basalt altar of Yredelemnul.
  2860 | D:5      | Found a burning altar of Makhleb.
  3141 | D:5      | Found an ancient bone altar of Kikubaaqudgha.
  3236 | D:6      | Found a stormy altar of Qazlal.
  3340 | D:6      | Killed from afar by an orc priest

Skill      XL: |  1  2  3  4  5  6  7 |
---------------+----------------------+-----
Axes           | 3 4 5 |  5.8
Armour         | 1 2 3 4 |  4.0
Fighting       | 3 4 |  4.9
Invocations    | 1 3 |  3.5
Throwing       | |  1.7
Dodging        | |  2.6

Action                   |  1- 3 |  4- 6 |  7- 9 || total
-------------------------+-------+-------+-------++-------
Melee: War axe           |   108 |   182 |   148 ||   438
       Kick              |    13 |    45 |    49 ||   107
  Use: Scroll            |       |     9 |     2 ||    11
       Potion            |       |     2 |     1 ||     3
  Eat: Chunk             |       |     4 |     4 ||     8
Armor: Leather armour    |    15 |       |       ||    15
       Scale mail        |    62 |   149 |    77 ||   288
Dodge: Dodged            |    75 |   170 |    84 ||   329
Block: Other             |       |       |     7 ||     7
